 Dungeon Crawl Stone Soup version 0.20.0-15-g7f486f2 (webtiles) character file.

78 sagitran the Conjurer (level 4, 0/24 HPs)
             Began as a Tengu Conjurer on June 13, 2017.
             Slain by a gnoll (1 damage)
             ... on level 2 of the Dungeon.
             The game lasted 00:24:53 (1025 turns).

sagitran the Conjurer (Tengu Conjurer)              Turns: 1025, Time: 00:24:53

Health: 0/24       AC:  3    Str:  8    XL:     4   Next: 36%
Magic:  0/8        EV: 13    Int: 16    God:
Gold:   45         SH:  0    Dex: 15    Spells: 2/8 levels left

rFire    . . .     SeeInvis .   d - +1 hunting sling (flame)
rCold    . . .     Gourm    .   (no shield)
rNeg     . . .     Faith    .   a - +0 robe
rPois    .         Spirit   .   (helmet restricted)
rElec    .         Reflect  .   (no cloak)
rCorr    .         Harm     .   f - +0 pair of gloves
MR       .....                  (boots unavailable)
Stlth    ++........             (no amulet)
Regen    0.1/turn               (no ring)
MPRegen  0.2/turn               (no ring)

@: no status effects
A: beak, talons 3
a: no special abilities


You were on level 2 of the Dungeon.
You were not hungry.

You visited 1 branch of the dungeon, and saw 2 of its levels.

You collected 45 gold pieces.

Inventory:

Hand Weapons
 d - a +1 hunting sling of flaming (weapon)
Missiles
 l - 64 stones (quivered)
Armour
 a - a +0 robe (worn)
 f - a +0 pair of gloves (worn)
Scrolls
 e - 6 scrolls of remove curse
 g - a scroll of amnesia
 m - 2 scrolls of teleportation
Potions
 h - a potion of heal wounds {unknown}
 i - a potion of mutation {unknown}
 j - a potion of lignification {unknown}
Books
 b - a book of Conjurations

   Spells                             Type                      Level
   a - Magic Dart                     Conjuration                  1
   b - Searing Ray                    Conjuration                  2
   c - Dazzling Spray                 Conjuration/Hexes            3
   d - Fulminant Prism                Conjuration/Hexes            4
   e - Force Lance                    Conjuration/Translocation    4
   f - Iskenderun's Mystic Blast      Conjuration                  4
Comestibles
 c - a bread ration
 k - 3 royal jellies


   Skills:
 + Level 0.8 Fighting
 + Level 1.2 Slings
 + Level 2.4 Dodging
 + Level 2.0 Stealth
 + Level 0.2 Unarmed Combat
 + Level 2.5 Spellcasting
 + Level 6.4 Conjurations


You had 2 spell levels left.
You knew the following spells:

 Your Spells              Type           Power        Failure   Level  Hunger
a - Magic Dart            Conj           ###.         1%          1    #......
b - Searing Ray           Conj           ###...       1%          2    ##.....
c - Dazzling Spray        Conj/Hex       ##....       16%         3    ###....


Dungeon Overview and Level Annotations

Branches:
Dungeon (2/15)

Altars:
Ru


Innate Abilities, Weirdness & Mutations

You have a beak for a mouth.
You have claws for feet.


Message History

The gnoll hits you from afar with a spear.
* * * LOW HITPOINT WARNING * * *
Firing (i - inventory):
l - 65 stones (quivered)
Press: ? - help, Shift-Dir - straight line, f/p - gnoll
Aim: a gnoll, wielding a spear (almost dead)
You shoot a stone. The stone hits the gnoll.
The stone burns the gnoll.
The gnoll is heavily wounded.
The gnoll hits you from afar with a spear.
* * * LOW HITPOINT WARNING * * *
You see here an adder corpse.
Casting: Searing Ray
Confirm with . or Enter, or press ? or * to list all spells.
Aiming: Searing Ray
Press: ? - help, Shift-Dir - straight line, f/p - gnoll
Aim: a gnoll, wielding a spear (almost dead)
The searing ray hits the gnoll.
The gnoll is severely wounded. (Press . to maintain the ray.)
The gnoll hits you.
You die...

#...≈≈≈...#
#........####
#..(........
##..##..#### #g##
.# # #.# .#### #.
#g# .... #.. #g#
##.. #.. #@#
.'##### #.# #...#.
#.# ###. #.†.#. #.#
#...## #..... #.#
#.#..# ###._. #.#
#.#..###.....
#.####.##...#...#.
##.##...##...#...#.
#....[.†>....'#####


You could see 3 gnolls.

Vanquished Creatures
  Natasha (D:2)
  2 adders (D:2)
  An ooze (D:1)
  3 giant cockroaches
  4 goblins
  2 hobgoblins
  7 kobolds
  A quokka (D:2)
  6 bats
  2 frilled lizards (D:1)
  6 rats
35 creatures vanquished.

Notes
Turn   | Place    | Note
-------+----------+-------------------------------------------
     0 | D:1      | sagitran the Tengu Conjurer began the quest for the Orb.
     0 | D:1      | Reached XP level 1. HP: 10/10 MP: 4/4
   152 | D:1      | Reached XP level 2. HP: 11/15 MP: 0/6
   156 | D:1      | Learned a level 2 spell: Searing Ray
   308 | D:1      | Reached skill level 6 in Conjurations
   626 | D:1      | Reached XP level 3. HP: 19/19 MP: 7/7
   808 | D:2      | Learned a level 3 spell: Dazzling Spray
   838 | D:2      | Noticed Natasha
   847 | D:2      | Killed Natasha
   925 | D:2      | Found a sacrificial altar of Ru.
   929 | D:2      | Reached XP level 4. HP: 14/24 MP: 3/8
   974 | D:2      | Reached skill level 1 in Slings
  1020 | D:2      | HP: 1/24 [gnoll/spear (2)]
  1025 | D:2      | Slain by a gnoll

Skill      XL: |  1  2  3  4 |
---------------+-------------+-----
Conjurations   | 6 |  6.4
Slings         | 1 |  1.2
Fighting       | |  0.8
Dodging        | |  2.4
Stealth        | |  2.0
Unarmed Combat | |  0.2
Spellcasting   | |  2.5

Action                   |  1- 3 |  4- 6 || total
-------------------------+-------+-------++-------
Melee: Unarmed           |    38 |       ||    38
       Kick              |    11 |       ||    11
       Peck              |     3 |       ||     3
 Fire: Hunting sling     |    13 |    10 ||    23
Throw: Stone             |     6 |       ||     6
 Cast: Magic Dart        |    29 |     6 ||    35
       Searing Ray       |     4 |     2 ||     6
  Use: Scroll            |     5 |       ||     5
       Potion            |     1 |       ||     1
  Eat: Bread ration      |     1 |       ||     1
Armor: Robe              |    15 |     4 ||    19
Dodge: Dodged            |    40 |     2 ||    42
